 Seeded DCSS version 0.27-a0-765-ge4d627daa3 (webtiles) character file.

Game seed: 20210324 (custom seed)

1073 Snicker the Sneak (level 8, -1/58 HPs)
             Began as a Demonspawn Brigand on Mar 24, 2021.
             Slain by Pikel
             ... wielding a +2 whip of electrocution
              (9 damage)
             ... on level 6 of the Dungeon.
             The game lasted 00:11:01 (6116 turns).

Snicker the Sneak (Demonspawn Brigand)              Turns: 6116, Time: 00:11:02

Health: -1/58      AC:  3    Str: 13    XL:     8   Next: 7%
Magic:  8/8        EV: 28    Int: 12    God:
Gold:   161        SH:  4    Dex: 16    Spells: 4/7 levels left

rFire    . . .     SeeInvis .   a - +3 dagger
rCold    . . .     Faith    .   (no shield)
rNeg     . . .     Spirit   .   b - +0 robe
rPois    .         Reflect  .   (no helmet)
rElec    .         Harm     .   c - +0 cloak
rCorr    .         Rampage  .   (no gloves)
Will     .....                  (no boots)
Stlth    +++.......             s - amulet of the acrobat
HPRegen  0.19/turn              (no ring)
MPRegen  0.11/turn              (no ring)

@: acrobatic
A: talons 1, foul stench 1, condensation shield
a: no special abilities


You were on level 6 of the Dungeon.
You visited 1 branch of the dungeon, and saw 6 of its levels.

You collected 161 gold pieces.

Inventory:

Hand Weapons
 a - a +3 dagger (weapon)
 i - a +2 dagger
Missiles
 d - 39 poisoned darts (quivered)
 v - a throwing net
Armour
 b - a +0 robe (worn)
 c - a +0 cloak (worn)
Jewellery
 e - an amulet of regeneration
 k - an amulet of magic regeneration
 p - a ring of ice
 s - an amulet of the acrobat (around neck)
Wands
 o - a wand of paralysis (10)
Scrolls
 f - a scroll of identify {unknown}
 g - 4 scrolls of noise {unknown}
 h - 2 scrolls of fog {unknown}
 j - a scroll of vulnerability {unknown}
 l - a scroll of immolation {unknown}
 m - 3 scrolls of magic mapping {unknown}
 n - a scroll of random uselessness {unknown}
 q - a scroll of holy word {unknown}
 r - a scroll of enchant weapon {unknown}
 u - a scroll of teleportation {unknown}
Potions
 t - a potion of heal wounds {unknown}


   Skills:
 + Level 3.0 Fighting
 * Level 6.0 Short Blades
 + Level 2.0 Throwing
 + Level 2.9 Dodging
 * Level 6.6 Stealth


You had 4 spell levels left.
You knew the following spells:

 Your Spells              Type           Power      Damage    Failure   Level
a - Summon Small Mammal   Summ           0%         N/A       32%         1
b - Blink                 Tloc           N/A        N/A       45%         2

Your spell library contained the following spells:

 Spells                   Type           Power      Damage    Failure   Level
 Animate Skeleton         Necr           0%         N/A       32%         1
 Apportation              Tloc           0%         N/A       32%         1
 Corona                   Hex            0%         N/A       32%         1
 Magic Dart               Conj           0%         1d3       32%         1
 Pain                     Necr           0%         1d4       32%         1
 Call Imp                 Summ           0%         N/A       45%         2
 Slow                     Hex            0%         N/A       45%         2
 Conjure Flame            Conj/Fire      0%         6-21      69%         3
 Mephitic Cloud           Conj/Pois/Air  0%         N/A       69%         3
 Vampiric Draining        Necr           0%         2d6       69%         3
 Animate Armour           Summ/Erth      0%         N/A       97%         4
 Animate Dead             Necr           0%         N/A       97%         4
 Leda's Liquefaction      Hex/Erth       0%         N/A       97%         4
 Agony                    Necr           0%         N/A       100%        5
 Bolt of Magma            Conj/Fire/Erth 0%         4d4       100%        5
 Iron Shot                Conj/Erth      0%         9d1       100%        6
 Statue Form              Tmut/Erth      0%         N/A       100%        6
 Shatter                  Erth           0%         3d5*      100%        9


Dungeon Overview and Level Annotations

Branches:
Dungeon (6/15)             Temple (0/1) D:6

Altars:
Cheibriados
Fedhas
Kikubaaqudgha
Nemelex Xobeh

Annotations:
D:6 Pikel


Innate Abilities, Weirdness & Mutations

You have sharp toenails.
You may rarely emit foul miasma when damaged in melee.
A meltable shield of frost defends you. (SH +4)


Message History

Pikel hits you with a +2 whip of electrocution.
You closely miss Pikel. You claw Pikel.
Pikel is lightly wounded.
Pikel hits you with a +2 whip of electrocution.
You are electrocuted!
You closely miss Pikel. You claw Pikel, but do no damage.
Pikel is lightly wounded.
You hit Pikel but do no damage.
Pikel is lightly wounded.
Pikel hits you with a +2 whip of electrocution!
You are electrocuted!
* * * LOW HITPOINT WARNING * * *
Your bat closely misses Pikel.
Pikel hits your bat with a +2 whip of electrocution.
Your bat dies!
Your bat's corpse disappears in a puff of smoke!
Pikel says, "I touched Geryon's horn once."
There is a stone staircase leading up here.
You climb upwards.
There is a stone staircase leading down, spattered with blood here.
You climb downwards.
Level annotation: Pikel Pikel closely misses you.
The lemure hits you.
* * * LOW HITPOINT WARNING * * *
The lemure barely misses you.
Pikel hits you with a +2 whip of electrocution!
* * * LOW HITPOINT WARNING * * *
The lemure barely misses you.
There is a stone staircase leading up here.
A worker ant comes into view.
A bullfrog comes into view.
The bullfrog gives a loud, deep croak!
Found a stone staircase leading down.
Really walk into that dispersal trap?
You enter a dispersal trap!
The lemure blinks!
The worker ant blinks!
The lemure blinks!
The bullfrog blinks!
The lemure blinks!
You blink.
The bullfrog misses you. The bullfrog misses you.
Pikel hits you with a +2 whip of electrocution!
You die...

#.# #..#.#..# #.#
#..#.#..# #.#
#.5#.#..########## #.
#..#.#...........
###.####.5#.#.########.##
........B.....########...
.#######5.####...........
#######KF.....#........#
..>....@......#.........
#######^....#####..##..#
####....#...##...#
#.##.#.####.### #.##...#
#.# #.###.## #.# #.# #.#
##.## #.# #.####...## #.#
#......#...


You could see Pikel, 3 lemures, a bullfrog and a worker ant.

Vanquished Creatures
  A black bear (D:5)
  An ice beast (D:5)
  A sky beast (D:5)
  3 ogres
  A lemure (D:5)
  2 water moccasin skeletons
  A howler monkey (D:4)
  2 hounds
  A bullfrog skeleton (D:4)
  A jelly (D:5)
  An orc priest (D:4)
  2 centaur skeletons
  An orc wizard (D:5)
  4 gnolls
  3 adders (D:2)
  A shadow imp (D:6)
  An ufetubus (D:5)
  2 adder skeletons (D:4)
  2 worms (D:2)
  16 orcs
  5 ball pythons
  5 endoplasms
  2 giant cockroaches
  8 goblins
  9 hobgoblins
  6 kobolds
  7 quokkas
  7 bats
  2 frilled lizards
  4 rats
102 creatures vanquished.

Vanquished Creatures (others)
  9 plants
9 creatures vanquished.

Grand Total: 111 creatures vanquished

Notes
Turn   | Place    | Note
-------+----------+-------------------------------------------
     0 | D:1      | Snicker the Demonspawn Brigand began the quest for the Orb.
     0 | D:1      | Reached XP level 1. HP: 16/16 MP: 1/1
   258 | D:1      | Gained mutation: You have sharp toenails. [demonic
                  | ancestry]
   258 | D:1      | Reached XP level 2. HP: 22/22 MP: 2/2
  1135 | D:1      | Reached XP level 3. HP: 27/27 MP: 3/3
  1491 | D:2      | Reached skill level 1 in Dodging
  1789 | D:2      | Reached XP level 4. HP: 33/33 MP: 4/4
  1873 | D:2      | Reached skill level 5 in Stealth
  1897 | D:2      | Found an ancient bone altar of Kikubaaqudgha.
  1955 | D:2      | Found a snail-covered altar of Cheibriados.
  2675 | D:3      | Found a blossoming altar of Fedhas.
  2829 | D:3      | Gained mutation: You may rarely emit foul miasma when
                  | damaged in melee. [demonic ancestry]
  2829 | D:3      | Reached XP level 5. HP: 13/38 MP: 5/5
  3224 | D:3      | Found a sparkling altar of Nemelex Xobeh.
  3906 | D:4      | Reached XP level 6. HP: 43/44 MP: 6/6
  4463 | D:5      | Entered Level 5 of the Dungeon
  4569 | D:5      | Gained mutation: A meltable shield of frost defends you.
                  | (SH +4) [demonic ancestry]
  4569 | D:5      | Reached XP level 7. HP: 32/51 MP: 7/7
  4615 | D:5      | Learned a level 1 spell: Summon Small Mammal
  4747 | D:5      | Reached skill level 5 in Short Blades
  5344 | D:5      | Reached XP level 8. HP: 26/58 MP: 8/8
  5722 | D:6      | Found a staircase to the Ecumenical Temple.
  5722 | D:6      | Noticed Pikel
  6051 | D:6      | Learned a level 2 spell: Blink
  6116 | D:6      | Slain by Pikel

Illustrated notes

Levels and vault maps discovered:
D:1:      amcnicky_arrival_blooded_trapdoor, layout_loops_corners
D:2:      layout_basic, kiku_gazebo_garden_becter, general_overflow_altar,
          grunt_ministairs_1
D:3:      cheibrodos_old_hovel, layout_basic, lemuel_doored_altar,
          nemelex_xobeh_ov_fountains_minmay, serial_rivers,
          chequers_serial_rivers_micro_d, chequers_serial_rivers_small_3,
          chequers_serial_rivers_small_b, chequers_serial_rivers_micro_d,
          chequers_serial_rivers_marsh, guppyfry_early_orc_mine
D:4:      layout_loops_corners
D:5:      layout_basic, serial_curves, eino_curves_03, eino_curves_03
D:6:      layout_loops_ring, nicolae_hepliaklqana_monster_ancestors,
          minmay_temple_entry_overgrown, minmay_manual_monolith, uniq_pikel

Skill      XL: |  1  2  3  4  5  6  7  8 |
---------------+-------------------------+-----
Stealth        | 4 5 6 |  6.6
Throwing       | 2 |  2.0
Short Blades   | 2 3 4 5 6 |  6.0
Dodging        | 1 2 |  2.9
Fighting       | 3 |  3.0

Action                   |  1- 3 |  4- 6 |  7- 9 || total
-------------------------+-------+-------+-------++-------
Melee: Dagger            |    89 |   175 |    98 ||   362
       Kick              |    16 |    51 |    33 ||   100
Throw: Dart              |     2 |     1 |       ||     3
 Cast: Summon Small Mamm |       |       |     1 ||     1
  Use: Potion            |       |     4 |       ||     4
 Stab: Sleeping          |     7 |    11 |     2 ||    20
       Distracted        |       |     1 |       ||     1
Armor: Robe              |    31 |    22 |     7 ||    60
Dodge: Dodged            |    49 |    89 |    38 ||   176
Block: Other             |       |       |     4 ||     4

Table legend: (Time is in decaauts)
 A = Elapsed time spent in this place.
 B = Non-inter-level travel time spent in this place.
 C = Inter-level travel time spent in this place.
 D = Time resting spent in this place.
 E = Time spent auto-exploring this place.
 F = Levels seen in this place.
 G = Mean time per level.
                   A        B        C        D        E       F      G
               +--------+--------+--------+--------+--------+-----+--------+
         Total |   6061 |   5835 |    226 |    785 |   4038 |   6 | 1010.2 |
       Dungeon |   6061 |   5835 |    226 |    785 |   4038 |   6 | 1010.2 |
               +--------+--------+--------+--------+--------+-----+--------+

Top non-repeatable levels by time:
     D:5: 1481 daAuts
     D:1: 1456 daAuts
     D:2: 1078 daAuts
     D:4: 992 daAuts
     D:3: 910 daAuts
     D:6: 143 daAuts
